 Dungeon Crawl Stone Soup version 0.27-a0-909-g0721f309d1 (webtiles) character file.

Game seed: 10104028598835912489

333 jasper the Skirmisher (level 6, 0/49 HPs)
             Began as a Demonspawn Artificer on Apr 8, 2021.
             Slain by a black bear (4 damage)
             ... on level 5 of the Dungeon.
             The game lasted 00:07:37 (5317 turns).

jasper the Skirmisher (Demonspawn Artificer)        Turns: 5317, Time: 00:07:38

Health: 0/49       AC:  6    Str: 14    XL:     6   Next: 27%
Magic:  6/6        EV: 11    Int: 15    God:
Gold:   129        SH:  4    Dex: 13    Spells: 3/5 levels left

rFire    . . .     SeeInvis .     - Unarmed
rCold    . . .     Faith    .   l - +0 buckler
rNeg     . . .     Spirit   .   c - +1 leather armour {Will+}
rPois    .         Reflect  .   u - +2 hat
rElec    .         Harm     .   (no cloak)
rCorr    .         Rampage  .   (no gloves)
Will     +....                  (no boots)
Stlth    +.........             (no amulet)
HPRegen  0.16/turn              (no ring)
MPRegen  0.10/turn              (no ring)

@: no status effects
A: demonic guardian 1, big brain 1
a: no special abilities


You were on level 5 of the Dungeon.
You visited 1 branch of the dungeon, and saw 6 of its levels.

You collected 129 gold pieces.

Inventory:

Hand Weapons
 a - a +0 club
 f - a +0 flail
 j - a +0 club
Missiles
 h - 3 poisoned darts (quivered)
 s - 114 stones
Armour
 b - a +0 leather armour
 c - a +1 leather armour of willpower (worn)
 g - a +0 ring mail
 l - a +0 buckler (worn)
 o - a +0 leather armour
 q - a +0 helmet
 u - a +2 hat (worn)
Jewellery
 m - an amulet of magic regeneration
Wands
 e - a wand of random effects (10)
Scrolls
 p - a scroll of immolation
 v - 2 scrolls of magic mapping
Potions
 n - 2 potions of attraction


   Skills:
 + Level 4.4 Fighting
 - Level 1.7 Armour
 - Level 0.8 Dodging
 - Level 0.8 Stealth
 + Level 2.0 Shields
 * Level 3.1 Unarmed Combat
 - Level 3.0 Evocations


You had 3 spell levels left.
You knew the following spells:

 Your Spells              Type           Power      Damage    Failure   Level
a - Animate Skeleton      Necr           0%         N/A       41%         1
b - Apportation           Tloc           0%         N/A       41%         1

Your spell library contained the following spells:

 Spells                   Type           Power      Damage    Failure   Level
 Corona                   Hex            0%         N/A       41%         1
 Summon Small Mammal      Summ           0%         N/A       41%         1


Dungeon Overview and Level Annotations

Branches:
Dungeon (6/15)
 Temple: D:4-7

Altars:
Cheibriados
Fedhas
Xom

Annotations:
D:4 Natasha
D:5 2 runed translucent doors


Innate Abilities, Weirdness & Mutations

A weak demonic guardian rushes to your aid.
You have an unusually large brain. (Int +2)


Message History

You start resting.
A black bear comes into view.
You regained 5 hp, and now have 19/49 hp.
The black bear growls angrily.
You hit the black bear.
The black bear is lightly wounded.
You hit the black bear.
The black bear is moderately wounded.
You block the black bear's attack. The black bear claws you.
* * * LOW HITPOINT WARNING * * *
You block the black bear's attack.
You take 5 damage, and have 14/49 hp.
You hit the black bear.
The black bear is moderately wounded.
You block the black bear's attack.
The black bear claws you but does no damage. x2
You open the door. The black bear bites you.
* * * LOW HITPOINT WARNING * * *
The black bear claws you but does no damage.
The black bear claws you.
* * * LOW HITPOINT WARNING * * *
You take 4 damage, and have 10/49 hp.
You hit the iguana but do no damage.
The black bear bites you but does no damage.
The black bear claws you.
* * * LOW HITPOINT WARNING * * *
A demonic guardian appears!
The black bear claws you but does no damage.
The iguana barely misses you.
You take 1 damage, and have 9/49 hp.
Okay, then.
Okay, then.
You hit the iguana but do no damage. The black bear bites you.
* * * LOW HITPOINT WARNING * * *
The black bear barely misses you.
The black bear claws you but does no damage.
You block the iguana's attack.
You take 5 damage, and have 4/49 hp.
You hit the iguana but do no damage. The black bear bites you.
You die...

**,,,,,,,,*,,*,*,*,* ***,*
*,,**++**,',*,**,*,* *,,
*,**8,,8*******,,*,** **,
#.#8...,8* *,,,,**,,*** **,
#.#$.l?.)* ******,,,,,****,,
##**#*.#l....$* ******,,**,,,,,,*
.#,,..,#8....8* *,,*,*#.#****..,,
.#,,...*#8..8#####,**,#.#####...*
.#***#..##++##.l@#*,*,#.$.......,
.####*#.......5##h#,,,#.........,
.#..# ####.....#,##**,#.........,
.#..# #...#.##,,,,##.l.).....,
.+..######..##..######..........,
.#...............)†.l...........,
.#..######..##########..........,
.#..###.....# ##......!..,
.#..##....### ######...>,


You could see a black bear, an iguana (ally target) and a friendly iron imp
(summoned).

Vanquished Creatures
  3 centaur zombies
  2 jellies
  An iron imp (D:3)
  Robin (D:2)
  A gnoll (D:1)
  2 adders
  A dart slug (D:5)
  4 orcs
  5 bats
  6 endoplasms
  3 giant cockroaches
  15 goblins
  3 hobgoblins
  A quokka (D:1)
  3 ball pythons
  7 kobolds
  6 rats
64 creatures vanquished.

Vanquished Creatures (collateral kills)
  A hound (D:5)
  Terence (D:3)
  A hound skeleton (D:5)
  4 orcs
  An endoplasm (D:1)
  2 goblins (D:2)
10 creatures vanquished.

Vanquished Creatures (others)
  An ogre (D:4)
  An orc (D:4)
  A goblin (D:4)
  A hobgoblin (D:4)
  A quokka (D:4)
5 creatures vanquished.

Grand Total: 79 creatures vanquished

Notes
Turn   | Place    | Note
-------+----------+-------------------------------------------
     0 | D:1      | jasper the Demonspawn Artificer began the quest for the
                  | Orb.
     0 | D:1      | Reached XP level 1. HP: 15/15 MP: 1/1
    75 | D:1      | Reached skill level 2 in Fighting
   123 | D:2      | Gained mutation: A weak demonic guardian rushes to your
                  | aid. [demonic ancestry]
   123 | D:2      | Reached XP level 2. HP: 20/22 MP: 2/2
   301 | D:2      | Noticed Robin
   309 | D:2      | Killed Robin
   310 | D:2      | Reached skill level 3 in Fighting
   310 | D:2      | Gained mutation: You have an unusually large brain. (Int
                  | +2) [demonic ancestry]
   310 | D:2      | Reached XP level 3. HP: 10/29 MP: 3/3
   534 | D:2      | Learned a level 1 spell: Animate Skeleton
   536 | D:2      | Learned a level 1 spell: Apportation
   753 | D:4      | Noticed an ogre
   764 | D:4      | Noticed Natasha
  1789 | D:1      | Reached XP level 4. HP: 13/37 MP: 4/4
  2176 | D:2      | Noticed Terence
  2305 | D:3      | Killed Terence
  2306 | D:3      | Reached skill level 1 in Unarmed Combat
  2833 | D:2      | Reached skill level 1 in Shields
  3260 | D:2      | Reached skill level 4 in Fighting
  3377 | D:2      | Found a faded altar of an unknown god.
  3755 | D:3      | Reached XP level 5. HP: 34/42 MP: 5/5
  3995 | D:3      | Found a snail-covered altar of Cheibriados.
  4482 | D:3      | You fall into a shaft and drop 3 floors!
  4500 | D:6      | Found a shimmering altar of Xom.
  4500 | D:6      | Found a shimmering altar of Xom.
  4501 | D:6      | Found a shimmering altar of Xom.
  4505 | D:5      | Entered Level 5 of the Dungeon
  4505 | D:5      | Found a blossoming altar of Fedhas.
  4505 | D:5      | Noticed an ogre
  4506 | D:5      | Noticed an ogre
  4904 | D:5      | Reached XP level 6. HP: 45/49 MP: 6/6
  5099 | D:5      | Found a large runed translucent door.
  5099 | D:5      | Found a large runed translucent door.
  5165 | D:5      | Noticed an ice beast
  5169 | D:5      | Noticed a wyvern
  5317 | D:5      | Slain by a black bear

Illustrated notes

Levels and vault maps discovered:
D:1:      lightli_arrival_noodles, layout_basic, amethyst_killhole,
          hangedman_decor_push, minmay_pentomino_t2
D:2:      layout_basic, basic_ecumenical_altar, uniq_terence, uniq_robin
D:3:      layout_basic, slow_altar_1
D:4:      cheibrodos_thug_alley, layout_rooms, overflow_temple_1_default,
          uniq_blork_the_orc, uniq_natasha
D:5:      layout_rooms, fedhas_altar_2, general_overflow_altar,
          portal_sewer_entry_b, kennysheep_path_1, minmay_hollow_rounded_squares
D:6:      layout_gridville, nicolae_tso_carved_into_rock, marbit_many_paths,
          lemuel_tele_altar, xom_redecorated, minmay_temple_entry_wispy,
          minmay_microvault, uniq_grinder, uniq_eustachio

Skill      XL: |  1  2  3  4  5  6 |
---------------+-------------------+-----
Fighting       | 2 3 4 |  4.4
Unarmed Combat | 1 2 3 |  3.1
Shields        | 1 2 |  2.0
Armour         | |  1.7
Dodging        | |  0.8
Stealth        | |  0.8
Evocations     | |  3.0

Action                   |  1- 3 |  4- 6 || total
-------------------------+-------+-------++-------
Melee: Flail             |    95 |    21 ||   116
       Club              |     2 |       ||     2
       Unarmed           |       |   204 ||   204
Throw: Dart              |       |    22 ||    22
Evoke: Wand              |    26 |    16 ||    42
  Use: Potion            |       |     3 ||     3
       Scroll            |       |     8 ||     8
 Stab: Sleeping          |       |     1 ||     1
Armor: Ring mail         |    42 |    89 ||   131
       Leather armour    |     1 |    14 ||    15
       Skin              |       |     6 ||     6
Dodge: Dodged            |    57 |   120 ||   177
Block: Buckler           |     5 |    43 ||    48

Table legend: (Time is in decaauts)
 A = Elapsed time spent in this place.
 B = Non-inter-level travel time spent in this place.
 C = Inter-level travel time spent in this place.
 D = Time resting spent in this place.
 E = Time spent auto-exploring this place.
 F = Levels seen in this place.
 G = Mean time per level.
                   A        B        C        D        E       F      G
               +--------+--------+--------+--------+--------+-----+--------+
         Total |   5378 |   5275 |    103 |   1494 |   2728 |   6 |  896.3 |
       Dungeon |   5378 |   5275 |    103 |   1494 |   2728 |   6 |  896.3 |
               +--------+--------+--------+--------+--------+-----+--------+

Top non-repeatable levels by time:
     D:2: 1953 daAuts
     D:3: 1523 daAuts
     D:1: 1023 daAuts
     D:5: 812 daAuts
     D:4: 43 daAuts
     D:6: 22 daAuts
